 Dungeon Crawl Stone Soup version 0.30-a0-341-g6827065 (webtiles) character file.

Game seed: 10448277087837367967

148 Dorkslayer the Covered (level 5, -5/41 HPs)
             Began as a Human Fighter on Oct 31, 2022.
             Slain by a gnoll
             ... wielding a +0 flail
              (7 damage)
             ... on level 3 of the Dungeon.
             The game lasted 00:05:08 (1889 turns).

Dorkslayer the Covered (Human Fighter)              Turns: 1889, Time: 00:05:08

Health: -5/41      AC:  8    Str: 16    XL:     5   Next: 56%
Magic:  5/5        EV: 10    Int:  6    God:
Gold:   144        SH:  6    Dex: 20    Spells: 4/4 levels left

rFire   . . .      SeeInvis .    o - +6 mace of Witicuxt {freeze, rN+++ Int-2 Dex+5}
rCold   . . .      Faith    .    c - +0 buckler
rNeg    + + +      Spirit   .    e - +2 scale mail {Will+}
rPois   .          Reflect  .    (no helmet)
rElec   .          Harm     .    (no cloak)
rCorr   +          Rampage  .    (no gloves)
Will    +....                    (no boots)
Stlth   ..........               (no amulet)
HPRegen 0.26/turn                g - ring of resist corrosion
MPRegen 0.09/turn                (no ring)

@: no status effects
A: no striking features
a: no special abilities


You were on level 3 of the Dungeon.
You visited 1 branch of the dungeon, and saw 3 of its levels.

You collected 144 gold pieces.

Inventory:

Hand Weapons
 a - a +0 long sword
 o - the +6 mace of Witicuxt (weapon) {freeze, rN+++ Int-2 Dex+5}
   (You found it on level 2 of the Dungeon)

   It freezes those it strikes, dealing additional cold damage.
   It can also slow down cold-blooded creatures.
   Int:       It affects your intelligence (-2).
   Dex:       It affects your dexterity (+5).
   rN:        It renders you almost immune to negative energy.
Armour
 c - a +0 buckler (worn)
 e - a +2 scale mail of willpower (worn)
Jewellery
 g - a ring of resist corrosion (left hand)
Scrolls
 b - a scroll of silence {unknown}
 d - 2 scrolls of torment {unknown}
 h - 2 scrolls of blinking {unknown}
 i - a scroll of magic mapping {unknown}
 j - a scroll of fog {unknown}
 m - a scroll of noise {unknown}
 n - a scroll of enchant weapon {unknown}
 p - 2 scrolls of fear {unknown}
Potions
 f - 2 potions of cancellation {unknown}
 k - 2 potions of resistance
 l - a potion of brilliance {unknown}


   Skills:
 + Level 3.5 Fighting
 + Level 2.9 Long Blades
 * Level 0.5 Maces & Flails
 + Level 3.6 Armour
 * Level 2.2 Dodging
 + Level 0.2 Stealth
 + Level 3.5 Shields


You had 4 spell levels left.
You didn't know any spells.
Your spell library contained the following spells:

 Spells                   Type           Power      Damage    Failure   Level
 Sting                    Tmut/Pois      0%         1d3       92%         1
 Poisonous Vapours        Pois/Air       0%         N/A       98%         2
 Olgreb's Toxic Radiance  Pois           0%         N/A       100%        4


Dungeon Overview and Level Annotations

Branches:
Dungeon (3/15)

Altars:
Fedhas
The Shining One


Message History

f - 2 fuming blue potions
Found a stone staircase leading up.
You now have 144 gold pieces (gained 16).
A giant cockroach comes into view.
An orc and 2 gnolls come into view.
Found 7 gold pieces.
The orc shouts!
The gnoll shouts! x2
You block the giant cockroach's attack. The gnoll hits you but does no damage.
A gnoll comes into view. It is wielding a +0 halberd.
The giant cockroach bites you but does no damage.
The gnoll shouts!
You sock the giant cockroach! You freeze the giant cockroach.
You kill the giant cockroach!
The gnoll barely misses you.
A giant cockroach comes into view.
You sock the orc! You freeze the orc.
You kill the orc!
The gnoll barely misses you. The gnoll hits you with a +0 halberd.
You block the gnoll's attack.
You hit the gnoll. You freeze the gnoll.
The gnoll is lightly wounded.
The gnoll hits you from afar with a +0 spear.
The gnoll hits you with a +0 halberd! The gnoll hits you with a +0 flail.
The giant cockroach bites you.
You hit the gnoll. You freeze the gnoll.
The gnoll is moderately wounded.
The giant cockroach bites you but does no damage.
You block the gnoll's attack. The gnoll barely misses you.
The gnoll hits you from afar with a +0 spear.
The giant cockroach bites you. The gnoll hits you with a +0 flail.
* * * LOW HITPOINT WARNING * * *
The gnoll hits you with a +0 halberd.
* * * LOW HITPOINT WARNING * * *
You block the gnoll's attack.
You sock the gnoll! You freeze the gnoll.
You kill the gnoll!
The giant cockroach bites you.
* * * LOW HITPOINT WARNING * * *
The gnoll hits you but does no damage. The gnoll hits you with a +0 flail!
You die...

#.# #.# #.#
.# ##.# .#
### #..# .#
.. #####.##
##
#g###.....#
#g#...#####
#)@.###
#B### #. ..
.#. .##$ #.
#. . #.


You could see 2 gnolls and a giant cockroach.

Vanquished Creatures
  Terence (D:3)
  An iguana (D:3)
  2 adders (D:2)
  4 gnolls (D:3)
  2 worms (D:2)
  2 orcs (D:3)
  7 ball pythons
  2 endoplasms
  A giant cockroach (D:3)
  2 goblins (D:1)
  4 hobgoblins
  6 kobolds
  2 quokkas (D:1)
  3 bats
  4 frilled lizards (D:1)
  5 rats
48 creatures vanquished.

Notes
Turn   | Place    | Note
-------+----------+-------------------------------------------
     0 | D:1      | Dorkslayer the Human Fighter began the quest for the Orb.
     0 | D:1      | Reached XP level 1. HP: 18/18 MP: 1/1
     9 | D:1      | Noticed a swamp worm
     9 | D:1      | Noticed a hound
     9 | D:1      | Noticed a rime drake
     9 | D:1      | Noticed a snapping turtle
     9 | D:1      | Noticed a black bear
    61 | D:1      | You fall into a shaft and drop 1 floor!
    83 | D:2      | Reached XP level 2. HP: 24/24 MP: 2/2
   300 | D:1      | Reached XP level 3. HP: 29/29 MP: 3/3
   784 | D:2      | Reached skill level 1 in Dodging
  1234 | D:2      | Reached XP level 4. HP: 28/35 MP: 4/4
  1246 | D:2      | Identified the +6 mace of Witicuxt {freeze, rN+++ Int-2
                  | Dex+5}
  1475 | D:3      | Found a glowing golden altar of the Shining One.
  1504 | D:3      | Found a blossoming altar of Fedhas.
  1565 | D:3      | Noticed Terence
  1573 | D:3      | Killed Terence
  1654 | D:3      | Reached XP level 5. HP: 35/41 MP: 5/5
  1889 | D:3      | HP: 2/41 [giant cockroach (2)]
  1889 | D:3      | Slain by a gnoll

Illustrated notes

Levels and vault maps discovered:
D:1:      onia_arrival_zoo_common, layout_basic, minivault_25
D:2:      layout_loops_corners
D:3:      minmay_octagon_keep, layout_basic, mainiacjoe_overflow_catwalk,
          fedhas_altar_4, uniq_terence

Skill      XL: |  1  2  3  4 |
---------------+-------------+-----
Dodging        | 1 2 |  2.2
Fighting       | |  3.5
Long Blades    | |  2.9
Maces & Flails | |  0.5
Armour         | |  3.6
Stealth        | |  0.2
Shields        | |  3.5

Action                   |  1- 3 |  4- 6 || total
-------------------------+-------+-------++-------
Melee: Long sword        |   113 |       ||   113
       Mace              |       |    25 ||    25
  Use: Scroll            |       |     2 ||     2
       Potion            |       |     1 ||     1
Armor: Scale mail        |    55 |    11 ||    66
Dodge: Dodged            |    29 |     9 ||    38
Block: Buckler           |    28 |     7 ||    35

Table legend: (Time is in decaauts)
 A = Elapsed time spent in this place.
 B = Non-inter-level travel time spent in this place.
 C = Inter-level travel time spent in this place.
 D = Time resting spent in this place.
 E = Time spent auto-exploring this place.
 F = Levels seen in this place.
 G = Mean time per level.
                   A        B        C        D        E       F      G
               +--------+--------+--------+--------+--------+-----+--------+
         Total |   1934 |   1934 |      0 |     54 |    898 |   3 |  644.7 |
       Dungeon |   1934 |   1934 |      0 |     54 |    898 |   3 |  644.7 |
               +--------+--------+--------+--------+--------+-----+--------+

Top non-repeatable levels by time:
     D:2: 1047 daAuts
     D:1: 460 daAuts
     D:3: 427 daAuts
